 Dungeon Crawl Stone Soup version 0.18-a0-1799-g6250cb2 (webtiles) character file.

86 AlphabetPasta the Grasshopper (level 4, -1/26 HPs)
             Began as a Deep Elf Warper on Apr 22, 2016.
             Killed by divine providence
             ... invoked by an orc priest
              (10 damage)
             ... on level 3 of the Dungeon.
             The game lasted 00:16:30 (2472 turns).

AlphabetPasta the Grasshopper (Deep Elf Warper)     Turns: 2472, Time: 00:16:31

Health: -1/26      AC:  3    Str:  9    XL:     4   Next: 27%
Magic:  9/11       EV:  7    Int: 18    God:
Gold:   111        SH:  0    Dex: 14    Spells: 4 memorised, 1 level left

rFire  . . .     SeeInvis .     a - +0 short sword
rCold  . . .     Gourm    .     b - +0 leather armour
rNeg   . . .     Faith    .     (no shield)
rPois  .         Spirit   .     (no helmet)
rElec  .         Dismiss  .     (no cloak)
rCorr  .         Reflect  .     (no gloves)
SustAt .         Harm     .     (no boots)
MR     .....                    (no amulet)
Stlth  ++........               (no ring)
                                (no ring)

@: shrouded, not resistant to hostile enchantments, unstealthy
A: no striking features
a: no special abilities


You were on level 3 of the Dungeon.
You were not hungry.

You visited 1 branch of the dungeon, and saw 3 of its levels.

You collected 111 gold pieces.

Inventory:

Hand Weapons
 a - a +0 short sword (weapon)
Missiles
 e - 5 tomahawks of dispersal (quivered)
 t - 16 poisoned needles
Armour
 b - a +0 leather armour (worn)
Scrolls
 d - a scroll of blinking
 h - 2 scrolls of remove curse {unknown}
 j - 2 scrolls of amnesia {unknown}
 l - 3 scrolls of identify {unknown}
 n - 2 scrolls of immolation {unknown}
 o - a scroll of enchant armour {unknown}
 r - a scroll of recharging {unknown}
 s - a scroll of random uselessness {unknown}
Potions
 i - a potion of resistance {unknown}
 k - a potion of agility {unknown}
 p - a potion of brilliance {unknown}
 q - 2 potions of flight {unknown}
Books
 c - a book of Spatial Translocations

   Spells                             Type                      Level
   a - Apportation                    Translocation                1
   b - Blink                          Translocation                2
   c - Shroud of Golubria             Charms/Translocation         2
   d - Portal Projectile              Translocation                3
   e - Teleport Other                 Translocation                3
   f - Passage of Golubria            Translocation                4
Comestibles
 f - a bread ration
 g - 4 meat rations
 m - 4 chunks of flesh


   Skills:
 + Level 1.7 Fighting
 + Level 2.5 Short Blades
 + Level 1.6 Throwing
 + Level 1.3 Armour
 + Level 2.9 Dodging
 + Level 1.3 Stealth
 + Level 3.4 Spellcasting
 + Level 1.1 Charms
 * Level 3.7 Translocations


You had one spell level left.
You knew the following spells:

 Your Spells              Type           Power        Failure   Level  Hunger
a - Apportation           Tloc           ###.......   6%          1    None
b - Blink                 Tloc           N/A          10%         2    ##.....
c - Shroud of Golubria    Chrm/Tloc      ##........   14%         2    ##.....
d - Teleport Other        Tloc           ###.....     14%         3    ###....


Dungeon Overview and Level Annotations

Branches:
Dungeon (3/15)

Altars:
Okawaru


Message History

You kill the orc!
Casting: Shroud of Golubria
Confirm with . or Enter, or press ? or * to list all spells.
Space distorts slightly along a thin shroud covering your body.
The orc barely misses you.
You barely miss the orc. The orc hits you but does no damage.
You closely miss the orc. The orc barely misses you.
You hit the orc but do no damage. The orc misses you.
You hit the orc but do no damage.
The orc priest casts a cantrip, but nothing happens.
The orc closely misses you.
You hit the orc but do no damage.
The orc priest mumbles some strange prayers to Beogh against you.
Beogh smites you!
Ouch! That really hurt!
The orc barely misses you.
There is a stone staircase leading up here.
The orc priest invokes the aid of Beogh against you.
Beogh smites you!
You die...

### .#..
.#.###
.#.#.# #
.#...# %#
##.#...#..##
#..#.....>..
###.##..#
#@o.oo.?#
###.###.#
#... .#
#######


You could see an orc priest and 2 orcs.

Vanquished Creatures
  An adder (D:3)
  3 dart slugs
  A giant gecko (D:2)
  2 orcs (D:3)
  3 ball pythons
  5 bats
  4 giant cockroaches
  8 goblins
  6 hobgoblins
  9 jackals
  7 kobolds
  5 giant newts
  6 rats
60 creatures vanquished.

Notes
Turn   | Place    | Note
--------------------------------------------------------------
     0 | D:1      | AlphabetPasta the Deep Elf Warper began the quest for the Orb.
     0 | D:1      | Reached XP level 1. HP: 12/12 MP: 6/6
   165 | D:1      | Reached skill level 1 in Armour
   208 | D:1      | Reached XP level 2. HP: 4/16 MP: 8/8
   250 | D:1      | Learned a level 2 spell: Blink
   253 | D:1      | Learned a level 2 spell: Shroud of Golubria
   996 | D:1      | Reached XP level 3. HP: 18/20 MP: 6/9
  1451 | D:1      | Reached skill level 1 in Stealth
  1639 | D:2      | Found an iron altar of Okawaru.
  2032 | D:2      | Reached skill level 1 in Charms
  2285 | D:2      | Learned a level 3 spell: Teleport Other
  2322 | D:3      | Reached XP level 4. HP: 25/25 MP: 11/11
  2472 | D:3      | Killed from afar by an orc priest

Vault maps used:
D:1:      dpeg_arrival_rooms_b, minivault_23, minmay_misc_feat_tiny,
          minmay_misc_feat_doors
D:2:      moated_statue, serial_bayou_pond_c, okawaru_trees_1
D:3:      grunt_gozag_breadcrumbs, uniq_sigmund

Skill      XL: |  1  2  3 |
---------------+----------+-----
Armour         | 1 |  1.3
Stealth        | 1 |  1.3
Charms         | 1 |  1.1
Fighting       | |  1.7
Short Blades   | |  2.5
Throwing       | |  1.6
Dodging        | |  2.9
Spellcasting   | |  3.4
Translocations | |  3.7

Action                   |  1- 3 |  4- 6 || total
-------------------------+-------+-------++-------
Melee: Short sword       |   203 |    36 ||   239
 Cast: Shroud of Golubri |    14 |     3 ||    17
 Stab: Sleeping          |     3 |       ||     3
  Eat: Chunk             |     4 |     1 ||     5
       Beef jerky        |     1 |       ||     1
Armor: Leather armour    |    44 |     7 ||    51
Dodge: Dodged            |   129 |    24 ||   153
